 Dungeon Sprint DCSS version 0.16-a0-1243-g6e0463c (webtiles) character file.

9769 Ololoev the Shatterer (level 11, -1/146 HPs)
             Began as an Ogre Berserker on Oct 13, 2014.
             Was a High Priest of Trog.
             Killed by divine providence
             ... invoked by a smoke demon
             ... summoned by an orc high priest
              (9 damage)
             ... in the Dungeon (Sprint IX: "|||||||||||||||||||||||||||||").
             The game lasted 00:10:46 (1895 turns).

Ololoev the Shatterer (Ogre Berserker)              Turns: 1895, Time: 00:10:46

Health: -1/146     AC:  5    Str: 24    XL:     11   Next: 51%
Magic:  11/11      EV: 18    Int:  6    God:    Trog [*****.]
Gold:   1264       SH:  0    Dex: 12    Spells: 0 memorised, 10 levels left

rFire  . . .     SeeInvis .     q - +10 great mace of Blulessu {crush, -Cast MR++}
rCold  . . .     Clarity  .     b - +0 animal skin
rNeg   . . .     SustAb   .     (shield restricted)
rPois  .         Gourm    .     (helmet restricted)
rElec  .         Spirit   .     v - +0 cloak
rCorr  .         Warding  .     (gloves unavailable)
rMut   .         NoTele   +     (boots unavailable)
MR     +++++     NoCast   +     (no amulet)
Stlth  +.........               n - +2 ring of evasion
                                a - +2 ring of evasion

@: exhausted, regenerating, slowed, very slow, almost entirely resistant to
hostile enchantments, very unstealthy
A: unfitting armour, tough skin 1
a: Burn Spellbooks, Berserk, Trog's Hand, Brothers in Arms, Renounce Religion


You were in the Dungeon.
You worshipped Trog.
Trog was extremely pleased with you.
You were hungry.

You visited 1 branch You collected 1264 gold pieces.

Inventory:

Hand weapons
 q - the +10 great mace of Blulessu (weapon) {crush, -Cast MR++}
   (You found it in the Dungeon)

   It inflicts extra damage upon your enemies.
   It affects your resistance to hostile enchantments.
   It prevents spellcasting.
Armour
 b - a +0 animal skin (worn)
 v - a +0 cloak (worn)
Jewellery
 a - a +2 ring of evasion (left hand)
 n - a +2 ring of evasion (right hand)
Magical devices
 l - a wand of cold (7)
Scrolls
 i - 3 scrolls of blinking
 k - 4 scrolls of remove curse
 m - 2 scrolls of enchant armour
 r - 2 scrolls of recharging
Potions
 d - 6 potions of curing
 e - 4 potions of heal wounds
 f - a potion of haste
 g - 4 potions of magic
 h - a potion of berserk rage
 j - a potion of invisibility
 o - 2 potions of cure mutation
 p - 2 potions of brilliance
Comestibles
 c - 14 meat rations
 t - 32 fruits
 u - 12 bread rations


   Skills:
 + Level 19.6 Fighting
 - Level 21.2 Maces & Flails
 + Level 8.9 Armour
 + Level 9.8 Dodging


You had 10 spell levels left.
You didn't know any spells.

Dungeon Overview and Level Annotations

Branches:
Dungeon (1/1)

Altars:
Cheibriados
Dithmenos
Elyvilon
Fedhas
Gozag
Kikubaaqudgha
Makhleb
Nemelex Xobeh
Okawaru
Qazlal
Sif Muna
Trog
Vehumet
Xom
Yredelemnul
Zin
The Shining One
Beogh
Jiyva
Lugonu

Shops:
D *%(


Innate Abilities, Weirdness & Mutations

You are too large for most types of armour.
You have tough skin (AC +1).


Message History

Your troll completely misses the sixfirhy.
Your troll closely misses the sixfirhy.
Your troll claws the sixfirhy!
The sixfirhy hits your troll!
Your troll dies!
Your troll's corpse disappears in a puff of smoke!
The orc high priest invokes the aid of Beogh against you.
Something smites you!
* * * LOW HITPOINT WARNING * * *
The smoke demon gestures at you. Something smites you!
* * * LOW HITPOINT WARNING * * *
You feel the effects of Trog's Hand fading.
The smoke demon gestures at you. Something smites you!
* * * LOW HITPOINT WARNING * * *
The sixfirhy hits you but does no damage.
The sixfirhy closely misses you. x2
The smoke demon gestures at you. Something smites you!
You die...

▓▓▓▓▓▓▓▓▓▓▓▓▓▓▓▓▓▓▓▓▓▓▓▓▓▓▓▓▓▓▓▓▓
)).)).))))).....@.4...)3)4)$o$∩.∩
▓▓▓▓▓▓▓▓▓▓▓▓▓▓▓▓▓▓▓▓▓▓▓▓▓▓▓▓▓▓▓▓▓
.................................
▓▓▓▓▓▓▓▓▓▓▓▓▓▓▓▓▓▓▓▓▓▓▓▓▓▓▓▓▓▓▓▓▓
..)).........'%.)......).......).
▓▓▓▓▓▓▓▓▓▓▓▓▓▓▓▓▓▓▓▓▓▓▓▓▓▓▓▓▓▓▓▓▓
.................................
▓▓▓▓▓▓▓▓▓▓▓▓▓▓▓▓▓▓▓▓▓▓▓▓▓▓▓▓▓▓▓▓▓
'____________________'.?|)[[[..(.


You could see a sixfirhy and a smoke demon.

Vanquished Creatures
  An ettin (D)
  3 orc high priests (D)
  A hill giant (D)
  3 orc knights (D)
  A black mamba (D)
  A spiny frog (D)
  2 giant leeches (D)
  A komodo dragon (D)
  2 blink frogs (D)
  A deep elf mage (D)
  2 vampire mosquitoes (D)
  A wolf (D)
  6 orc warriors (D)
  2 porcupines (D)
  A water moccasin (D)
  A sky beast (D)
  An ice beast (D)
  A black bear (D)
  A necrophage (D)
  A centaur (D)
  3 crocodiles (D)
  3 giant frogs (D)
  An orc priest (D)
  A jelly (D)
  3 orc wizards (D)
  3 iguanas (D)
  A worker ant (D)
  3 adders (D)
  2 giant geckos (D)
  7 orcs (D)
  A bat (D)
  A goblin (D)
  A giant newt (D)
  A hobgoblin skeleton (D)
  A jackal skeleton (D)
  2 kobolds (D)
  2 rats (D)
69 creatures vanquished.

Vanquished Creatures (collateral kills)
  2 orc high priests (D)
  A sun demon (D)
  2 orc knights (D)
  A hill giant (D)
  A sixfirhy (D)
  A hellwing (D)
  A chaos spawn (D)
  3 orc warriors (D)
  An orc wizard (D)
  An orc priest (D)
  2 worker ants (D)
  An orc (D)
17 creatures vanquished.

Vanquished Creatures (others)
  A stone giant (D)
  A troll (D)
2 creatures vanquished.

Grand Total: 88 creatures vanquished

Notes
Turn   | Place    | Note
--------------------------------------------------------------
     0 | D        | Ololoev, the Ogre Berserker, began the quest for the Orb.
     0 | D        | Reached XP level 1. HP: 24/24 MP: 1/1
    10 | D        | Reached skill level 5 in Maces & Flails
    12 | D        | Acquired Trog's second power
   162 | D        | Noticed a worker ant
   162 | D        | Noticed a sky beast
   170 | D        | Killed a worker ant
   170 | D        | Reached skill level 5 in Fighting
   170 | D        | Reached skill level 7 in Maces & Flails
   170 | D        | Reached XP level 2. HP: 36/36 MP: 2/2
   170 | D        | Reached XP level 3. HP: 44/44 MP: 3/3
   179 | D        | Killed a sky beast
   179 | D        | Reached skill level 8 in Fighting
   179 | D        | Reached skill level 11 in Maces & Flails
   179 | D        | Reached XP level 4. HP: 35/57 MP: 4/4
   179 | D        | Reached XP level 5. HP: 38/63 MP: 5/5
   184 | D        | Acquired Trog's third power
   331 | D        | Found a glowing silver altar of Zin.
   331 | D        | Found a glowing golden altar of the Shining One.
   331 | D        | Found an ancient bone altar of Kikubaaqudgha.
   331 | D        | Found a basalt altar of Yredelemnul.
   331 | D        | Found a shimmering altar of Xom.
   331 | D        | Found a radiant altar of Vehumet.
   331 | D        | Found an iron altar of Okawaru.
   332 | D        | Found a burning altar of Makhleb.
   333 | D        | Found a deep blue altar of Sif Muna.
   334 | D        | Found a bloodstained altar of Trog.
   335 | D        | Found a sparkling altar of Nemelex Xobeh.
   336 | D        | Found a white marble altar of Elyvilon.
   337 | D        | Found a roughly hewn altar of Beogh.
   338 | D        | Found a viscous altar of Jiyva.
   339 | D        | Found a corrupted altar of Lugonu.
   340 | D        | Found a blossoming altar of Fedhas.
   341 | D        | Found a snail-covered altar of Cheibriados.
   342 | D        | Found a shadowy altar of Dithmenos.
   343 | D        | Found a stormy altar of Qazlal.
   344 | D        | Found an opulent altar of Gozag.
   374 | D        | Noticed a centaur
   374 | D        | Noticed a necrophage
   385 | D        | Killed a centaur
   385 | D        | Reached skill level 12 in Maces & Flails
   390 | D        | Killed a necrophage
   390 | D        | Reached skill level 10 in Fighting
   390 | D        | Reached skill level 13 in Maces & Flails
   390 | D        | Reached XP level 6. HP: 68/79 MP: 6/6
   392 | D        | Received a gift from Trog
   439 | D        | Noticed a jelly
   439 | D        | Noticed a deep elf mage
   439 | D        | Noticed a hill giant
   439 | D        | Noticed a worker ant
   439 | D        | Noticed a hill giant
   439 | D        | Noticed a worker ant
   447 | D        | Killed a jelly
   447 | D        | Reached skill level 14 in Maces & Flails
   451 | D        | Killed a deep elf mage
   451 | D        | Reached skill level 15 in Maces & Flails
   451 | D        | Reached XP level 7. HP: 88/88 MP: 7/7
   459 | D        | Killed a hill giant
   459 | D        | Reached skill level 17 in Maces & Flails
   459 | D        | Reached XP level 8. HP: 102/102 MP: 8/8
   464 | D        | Killed a worker ant
   465 | D        | Killed a hill giant
   465 | D        | Reached skill level 18 in Maces & Flails
   466 | D        | Killed a worker ant
   591 | D        | Got the +10 great mace of Blulessu {crush, -Cast MR++}
   605 | D        | Noticed an iguana
   605 | D        | Noticed a giant frog
   605 | D        | Noticed a porcupine
   605 | D        | Noticed an iguana
   605 | D        | Noticed a black mamba
   605 | D        | Noticed a wolf
   609 | D        | Killed an iguana
   609 | D        | Received a gift from Trog
   611 | D        | Killed a giant frog
   612 | D        | Noticed a black bear
   612 | D        | Killed a porcupine
   615 | D        | Killed an iguana
   618 | D        | Killed a black mamba
   618 | D        | Reached skill level 19 in Maces & Flails
   618 | D        | Reached XP level 9. HP: 92/114 MP: 9/9
   621 | D        | Killed a wolf
   626 | D        | Killed a black bear
   640 | D        | Received a gift from Trog
   853 | D        | Noticed a crocodile
   853 | D        | Noticed an iguana
   853 | D        | Noticed a crocodile
   853 | D        | Noticed a water moccasin
   853 | D        | Noticed a crocodile
   853 | D        | Noticed a spiny frog
   854 | D        | Noticed a porcupine
   855 | D        | Killed a crocodile
   855 | D        | Reached skill level 15 in Fighting
   856 | D        | Noticed a komodo dragon
   859 | D        | Killed an iguana
   860 | D        | Killed a crocodile
   860 | D        | Reached skill level 20 in Maces & Flails
   861 | D        | Killed a water moccasin
   865 | D        | Killed a crocodile
   867 | D        | Killed a spiny frog
   868 | D        | Killed a porcupine
   870 | D        | Killed a komodo dragon
   870 | D        | Received a gift from Trog
   870 | D        | Reached skill level 21 in Maces & Flails
  1006 | D        | Noticed a blink frog
  1006 | D        | Noticed a giant leech
  1006 | D        | Noticed a vampire mosquito
  1006 | D        | Noticed a vampire mosquito
  1006 | D        | Noticed a giant leech
  1006 | D        | Noticed a giant frog
  1006 | D        | Noticed a giant frog
  1015 | D        | Killed a giant leech
  1016 | D        | Killed a vampire mosquito
  1018 | D        | Killed a blink frog
  1018 | D        | Reached XP level 10. HP: 128/128 MP: 10/10
  1020 | D        | Killed a vampire mosquito
  1023 | D        | Killed a giant leech
  1024 | D        | Killed a giant frog
  1024 | D        | Received a gift from Trog
  1027 | D        | Killed a giant frog
  1029 | D        | Noticed a blink frog
  1043 | D        | Killed a blink frog
  1048 | D        | Received a gift from Trog
  1227 | D        | Noticed an orc priest
  1227 | D        | Noticed an orc warrior
  1227 | D        | Noticed an orc wizard
  1227 | D        | Noticed an ettin
  1235 | D        | Killed an orc warrior
  1235 | D        | Reached skill level 5 in Dodging
  1237 | D        | Noticed an orc warrior
  1240 | D        | Killed an orc priest
  1243 | D        | Noticed an orc wizard
  1245 | D        | Killed an orc wizard
  1246 | D        | Noticed an orc wizard
  1274 | D        | Killed an orc warrior
  1286 | D        | Killed an orc wizard
  1289 | D        | Killed an orc wizard
  1293 | D        | Killed an ettin
  1293 | D        | Reached skill level 5 in Armour
  1295 | D        | Received a gift from Trog
  1560 | D        | Noticed an orc knight
  1560 | D        | Noticed an orc warrior
  1560 | D        | Noticed an orc warrior
  1560 | D        | Noticed an orc warrior
  1560 | D        | Noticed an orc warrior
  1560 | D        | Noticed an orc warrior
  1572 | D        | Killed an orc knight
  1574 | D        | Killed an orc warrior
  1576 | D        | Killed an orc warrior
  1578 | D        | Noticed an orc warrior
  1578 | D        | Killed an orc warrior
  1580 | D        | Killed an orc warrior
  1580 | D        | Received a gift from Trog
  1581 | D        | Noticed an orc knight
  1597 | D        | Killed an orc knight
  1598 | D        | Noticed an orc warrior
  1598 | D        | Killed an orc warrior
  1598 | D        | Killed an orc warrior
  1601 | D        | Killed an orc warrior
  1604 | D        | Noticed an orc wizard
  1609 | D        | Killed an orc wizard
  1611 | D        | Noticed an orc priest
  1613 | D        | Killed an orc priest
  1613 | D        | Received a gift from Trog
  1850 | D        | Found Mnoll's General Store.
  1850 | D        | Noticed an orc high priest
  1850 | D        | Noticed an orc high priest
  1850 | D        | Noticed an orc knight
  1850 | D        | Noticed an orc high priest
  1850 | D        | Noticed an orc knight
  1850 | D        | Noticed an orc knight
  1852 | D        | Killed an orc high priest
  1852 | D        | Reached XP level 11. HP: 143/143 MP: 11/11
  1853 | D        | Found Kiajytas' Food Shoppe.
  1853 | D        | Noticed an orc high priest
  1854 | D        | Noticed an orc high priest
  1855 | D        | Noticed a sun demon
  1857 | D        | Killed an orc high priest
  1862 | D        | Killed an orc knight
  1863 | D        | Found Ycuim's Antique Weapon Emporium.
  1865 | D        | Killed an orc high priest
  1865 | D        | Received a gift from Trog
  1867 | D        | Killed an orc knight
  1868 | D        | Noticed an orc high priest
  1873 | D        | Killed an orc knight
  1880 | D        | Killed a sun demon
  1882 | D        | Killed an orc high priest
  1889 | D        | Killed an orc high priest
  1893 | D        | HP: 6/146 [smoke demon/divine providence[an orc high priest] (16)]
  1895 | D        | Killed from afar by a smoke demon

Action                   |  1- 3 |  4- 6 |  7- 9 | 10-12 || total
-------------------------+-------+-------+-------+-------++-------
Melee: Mace              |    26 |     5 |       |       ||    31
       Dire flail        |       |    24 |     8 |       ||    32
       Great mace        |       |       |    42 |    76 ||   118
Invok: Berserk           |     1 |     1 |     1 |     4 ||     7
       Trog's Hand       |     1 |     1 |       |     3 ||     5
       Brothers in Arms  |       |       |     1 |     4 ||     5
  Use: Potion            |       |       |       |     1 ||     1
  Eat: Chunk             |       |       |     3 |     1 ||     4
       Fruit             |       |       |       |     8 ||     8
